AoeStats
← 騷護士

Nomad

510045358Analyzed
4v4 RM · 4d ago on Sep 29, 2026· 26m 43s· 8 players
Game mode
Random Map
Map size
231×231
Population
200
Speed
Normal
Resources
Standard
Victory
Conquest
Starting age
Dark Age
Ending age
Imperial Age
RankedLock teamsTeams togetherTeam positionsShared explorationLock speedFull tech treeHidden civsTurbo modeCheats
Victory
Defeat
🇭🇰 Varangians · Hong Kong SAR China
1573
+12
🇹🇼 Danes · Taiwan
1548
+13
🇦🇺 Koreans · Australia
1423
+18
🇻🇳 Persians · Vietnam
1390
+19
🇹🇼 Berbers · Taiwan
1593
-21
🇭🇺 Cumans · Hungary
1476
-16
🇺🇸 Bohemians · United States
1415
-13
🇮🇳 Varangians · India
1392
-12
騷護士
3:32 Loom
13:23 Feudal Age
17:43 Castle Age
16:27 Stone Mining
16:57 Fishing Lines
18:26 Scale Mail Armor
19:06 Wheelbarrow
18:52 Gillnets
19:44 Chain Mail Armor
21:38 Forging
22:04 Arson
22:04 Gambesons
24:55 Hamask
Andy
4:48 Loom
13:40 Feudal Age
17:41 Castle Age
16:08 Fishing Lines
16:48 Double-Bit Axe
17:10 Gold Mining
19:44 Bow Saw
21:35 Horse Collar
23:04 Medium Warships
24:30 Forging
26:42 Iron Casting
NØRTHLANE
5:42 Loom
13:11 Feudal Age
15:20 Double-Bit Axe
19:13 Fletching
26:14 Castle Age
26:06 Horse Collar
26:22 Gold Mining
VN_BILL
4:49 Loom
12:46 Feudal Age
17:22 Castle Age
15:28 Double-Bit Axe
15:48 Fletching
17:20 Crossbowman
19:30 Bodkin Arrow
24:07 Medium Warships
25:19 Padded Archer Armor
25:56 Wheelbarrow
26:48 Bow Saw
Jhih
4:00 Loom
13:16 Feudal Age
13:46 Double-Bit Axe
15:02 Fletching
15:52 Wheelbarrow
17:08 Forging
24:12 Castle Age
24:00 Fishing Lines
RockAxe8716
4:51 Loom
12:50 Feudal Age
15:51 Double-Bit Axe
17:05 Forging
17:09 Town Watch
20:13 Castle Age
19:05 Fishing Lines
19:22 Horse Collar
20:29 Fletching
21:55 Bow Saw
23:59 Medium Warships
25:02 Wheelbarrow
peterzjx
4:06 Loom
15:49 Feudal Age
21:12 Castle Age
25:03 Double-Bit Axe
PZ|NagyGeri1
3:56 Loom
12:18 Feudal Age
14:19 Double-Bit Axe
15:02 Horse Collar
18:32 Wheelbarrow
18:46 Town Watch
23:07 Castle Age
22:09 Bloodlines
22:55 Scale Barding Armor
24:27 Chain Barding Armor
Connection lost

Rejoining the realm…

Still unreachable

The connection could not be restored.

Session expired

The server has moved on; the page needs a fresh start.